 Dungeon Crawl Stone Soup version 0.26.1-11-gd32895ea62 (webtiles) character file.

Game seed: 2327595681196692251

5121 Eitelfritz the Carver (level 10, -4/79 HPs)
             Began as a Minotaur Gladiator on May 7, 2021.
             Was a Follower of Hepliaklqana.
             Slain by a death yak (12 damage)
             ... on level 8 of the Dungeon.
             The game lasted 00:19:29 (8692 turns).

Eitelfritz the Carver (Minotaur Gladiator)          Turns: 8692, Time: 00:19:30

Health: -4/79      AC: 18    Str: 20    XL:     10   Next: 32%
Magic:  0/18       EV: 11    Int:  7    God:    Hepliaklqana [*.....]
Gold:   685        SH:  4    Dex: 12    Spells: 9/9 levels left

rFire    + . .     SeeInvis .   a - +1 long sword
rCold    + + .     Faith    .   o - +0 buckler {rC+}
rNeg     . . .     Spirit   +   n - +2 chain mail {Will+}
rPois    .         Reflect  .   c - +2 hat
rElec    .         Harm     .   y - scarf {rC+ rF+}
rCorr    .         Rampage  .   I - +0 pair of gloves
Will     +....                  v - +0 pair of boots
Stlth    ..........             b - amulet of guardian spirit
HPRegen  0.23/turn              P - ring of magical power
MPRegen  0.16/turn              (no ring)

@: hasted, very quick
A: retaliatory headbutt, reduced essence, horns 2
a: Renounce Religion, Recall Ancestor, Ancestor Identity


You were on level 8 of the Dungeon.
You worshipped Hepliaklqana.
Hepliaklqana was aware of your devotion.
You visited 2 branches of the dungeon, and saw 9 of its levels.
You also visited: Ossuary.

You collected 709 gold pieces.
You spent 24 gold pieces at shops.

Inventory:

Hand Weapons
 a - a +1 long sword (weapon)
 i - a +0 flail
 R - a +1 shortbow of flaming
Missiles
 d - 4 throwing nets
 h - 268 stones
 l - a boomerang
 m - 12 poisoned darts (quivered)
 D - 123 arrows
Armour
 c - a +2 hat (worn)
 n - a +2 chain mail of willpower (worn)
 o - a +0 buckler of cold resistance (worn)
 v - a +0 pair of boots (worn)
 y - a scarf of resistance (worn)
 C - a +3 scale mail of fire resistance
 I - a +0 pair of gloves (worn)
Jewellery
 b - an amulet of guardian spirit (around neck)
 P - a ring of magical power (left hand)
Wands
 k - a wand of random effects (20)
 p - a wand of digging (15)
 F - a wand of iceblast (10)
 N - a wand of flame (24)
 O - a wand of enslavement (8)
Scrolls
 g - 2 scrolls of fog
 r - a scroll of enchant armour
 s - a scroll of amnesia {unknown}
 u - 2 scrolls of fear
 w - 2 scrolls of enchant weapon
 x - a scroll of magic mapping
 B - 3 scrolls of remove curse
 E - 2 scrolls of teleportation
Potions
 e - a potion of flight
 f - a potion of brilliance
 j - 3 potions of lignification
 q - 2 potions of mutation
 z - a potion of invisibility {unknown}
 G - 9 potions of curing {unknown}
 K - a potion of magic {unknown}
 L - a potion of might {unknown}


   Skills:
 + Level 7.7 Fighting
 + Level 11.7 Long Blades
 + Level 2.1 Throwing
 + Level 9.1 Armour
 + Level 7.2 Dodging
 + Level 1.6 Stealth
 + Level 3.2 Shields


You had 9 spell levels left.
You didn't know any spells.
Your spell library contained the following spells:

 Spells                   Type           Power        Failure   Level
 Apportation              Tloc           0%           98%         1
 Lesser Beckoning         Tloc           0%           100%        3
 Tukima's Dance           Hex            0%           100%        3
 Alistair's Intoxication  Tmut/Pois      0%           100%        5
 Invisibility             Hex            0%           100%        6


Dungeon Overview and Level Annotations

Branches:
Dungeon (8/15)             Temple (1/1) D:6            Lair (0/6) D:8
Ossuary (visited)

Altars:
Cheibriados
Dithmenos
Elyvilon
Fedhas
Gozag
Hepliaklqana
Kikubaaqudgha
Makhleb
Nemelex Xobeh
Okawaru
Qazlal
Ru
Trog
Uskayaw
Vehumet
Wu Jian
Xom
Yredelemnul
Zin
Lugonu

Shops:
D:7 *


Innate Abilities, Weirdness & Mutations

You reflexively headbutt those who attack you in melee.
You have a pair of horns on your head.
Your life essence is reduced to manifest your ancestor. (-10% HP)


Message History

You hit the death yak but do no damage.
You headbutt the death yak, but do no damage.
The death yak is heavily wounded.
The death yak gores you but does no damage.
You hit the death yak but do no damage. You headbutt the death yak!
The death yak is severely wounded.
You hit the death yak but do no damage. You headbutt the death yak!
The death yak is severely wounded.
The death yak gores you but does no damage.
You slash the death yak!
The death yak is almost dead.
The death yak gores you but does no damage.
You hit the death yak.
You headbutt the death yak, but do no damage.
The death yak is almost dead.
You barely miss the death yak.
You headbutt the death yak, but do no damage.
The death yak is almost dead.
The death yak gores you!
You die...

#.....# ..###..#.##.......## #
#.....#.#........##........####
###.....#....#...#..#.........##.
..#........# #!####.........#.#.†
#.......#..# #.# ####......#.#.#
#.........##..# #....†......
##........#..# #......#..#.
##..........####### #......##..#
#..............@Yr###......###..
#..........######r#.r.#....#####
#.............###...r....#....#.
#...........[........#..........
##..........#...##......#........
.................................
##..........#.##.#....###........
............#.##......# ##.......
.##.........#.##.#....## ##...)..


You could see a death yak, a river rat and a quokka.

Vanquished Creatures
  Harold (D:7)
  A death yak (D:8)
  Pikel (D:5)
  Prince Ribbit (D:5)
  Grinder (D:4)
  The ghost of H0rd4k the Insei, an amateur OpTm (D:5)
  A water moccasin (D:5)
  2 ice beasts
  3 centaurs
  3 ogres
  A big kobold (D:5)
  5 bullfrogs
  2 scorpions
  3 howler monkeys
  A centaur zombie (D:5)
  A jelly (D:6)
  3 orc priests
  2 bullfrog skeletons
  2 hounds
  2 bullfrog zombies
  An orc wizard (D:5)
  Jessica (D:3)
  A gnoll shaman (D:7)
  8 worker ants
  Natasha (thrice) (D:3)
  2 iguanas
  Terence (D:3)
  3 big kobold zombies (Ossuary)
  2 hound skeletons
  2 mummies (Ossuary)
  A howler monkey zombie (D:6)
  2 worker ant zombies
  8 gnolls
  A howler monkey skeleton (D:6)
  14 adders
  2 river rats (D:8)
  A shadow imp (D:6)
  2 white imps
  An ooze (D:2)
  2 ufetubi (D:7)
  3 adder zombies (Ossuary)
  2 worms
  6 dart slugs
  7 leopard geckos
  12 orcs
  7 bats
  A giant cockroach (D:1)
  4 goblins (D:1)
  9 hobgoblins
  10 jackals
  5 quokkas
  4 ball pythons
  5 frilled lizards
  4 gnoll zombies (Ossuary)
  5 hobgoblin zombies (Ossuary)
  A jackal zombie (D:7)
  14 kobolds
  4 kobold zombies (Ossuary)
  2 orc zombies (Ossuary)
  A quokka skeleton (D:5)
  14 rats
215 creatures vanquished.

Vanquished Creatures (collateral kills)
  An ogre (D:7)
  2 orc wizards (D:7)
  An adder zombie (Ossuary)
  A hobgoblin zombie (Ossuary)
5 creatures vanquished.

Vanquished Creatures (others)
  2 ancestors (D:8)
  A fungus (D:8)
3 creatures vanquished.

Grand Total: 223 creatures vanquished

Notes
Turn   | Place    | Note
-------+----------+-------------------------------------------
     0 | D:1      | Eitelfritz the Minotaur Gladiator began the quest for the
                  | Orb.
     0 | D:1      | Reached XP level 1. HP: 18/18 MP: 0/0
   218 | D:1      | Reached XP level 2. HP: 25/25 MP: 1/1
   470 | D:1      | Reached skill level 4 in Long Blades
  1039 | D:2      | Reached XP level 3. HP: 27/30 MP: 2/2
  1420 | D:2      | Reached XP level 4. HP: 37/37 MP: 3/3
  1483 | D:2      | Found a sparkling altar of Nemelex Xobeh.
  1912 | D:3      | Reached skill level 5 in Long Blades
  2127 | D:3      | Reached skill level 1 in Armour
  2339 | D:3      | Noticed Natasha
  2347 | D:3      | Killed Natasha
  2348 | D:3      | Reached XP level 5. HP: 43/44 MP: 4/4
  2394 | D:3      | Noticed Natasha
  2408 | D:3      | Killed Natasha
  2606 | D:3      | Noticed Terence
  2615 | D:3      | Killed Terence
  3010 | D:3      | Noticed Natasha
  3015 | D:3      | Killed Natasha
  3068 | D:3      | Noticed Jessica
  3086 | D:3      | Killed Jessica
  3087 | D:3      | Reached XP level 6. HP: 30/51 MP: 5/5
  3680 | D:4      | Found a white marble altar of Elyvilon.
  3680 | D:4      | Found a basalt altar of Yredelemnul.
  3680 | D:4      | Found a shadowy altar of Dithmenos.
  3690 | D:4      | Reached skill level 6 in Long Blades
  3853 | D:4      | Noticed Grinder
  3859 | D:4      | Paralysed by Grinder for 7 turns
  3871 | D:4      | Paralysed by Grinder for 3 turns
  3875 | D:4      | Killed Grinder
  3876 | D:4      | Reached skill level 7 in Long Blades
  3876 | D:4      | Reached XP level 7. HP: 58/58 MP: 3/6
  3972 | D:4      | Reached skill level 5 in Armour
  4040 | D:4      | Reached skill level 5 in Dodging
  4082 | D:5      | Entered Level 5 of the Dungeon
  4126 | D:5      | Noticed Prince Ribbit
  4139 | D:5      | Reached skill level 8 in Long Blades
  4272 | D:5      | Killed Prince Ribbit
  4273 | D:5      | Reached XP level 8. HP: 56/66 MP: 5/7
  4360 | D:5      | Reached skill level 9 in Long Blades
  4834 | D:5      | Reached skill level 5 in Fighting
  4947 | D:5      | Noticed H0rd4k's ghost (amateur OpTm)
  4950 | D:5      | Found a transporter.
  5056 | D:5      | Found a glowing silver altar of Zin.
  5212 | D:5      | Reached skill level 1 in Stealth
  5212 | D:5      | Reached skill level 1 in Shields
  5324 | D:5      | Found a sparkling altar of Nemelex Xobeh.
  5324 | D:5      | Found a radiant altar of Vehumet.
  5434 | D:5      | Found a transporter.
  5447 | D:5      | Killed H0rd4k's ghost
  5641 | D:6      | Noticed Pikel
  5667 | D:5      | Killed Pikel
  5668 | D:5      | Reached skill level 10 in Long Blades
  5668 | D:5      | Reached XP level 9. HP: 41/75 MP: 3/8
  5850 | D:6      | Found a staircase to the Ecumenical Temple.
  6356 | Temple   | Entered the Ecumenical Temple
  6471 | Temple   | Became a worshipper of Hepliaklqana the Forgotten
  6625 | D:6      | Found an iron altar of Okawaru.
  6765 | D:7      | Found a sand-covered staircase.
  6769 | Ossuary  | Entered an ossuary
  7281 | D:7      | Found Weshauto's General Store.
  7284 | D:7      | Bought a scroll of identify for 24 gold pieces
  7493 | D:7      | Reached skill level 11 in Long Blades
  7578 | D:7      | Noticed Harold
  7612 | D:7      | Killed Harold
  7613 | D:7      | Reached XP level 10. HP: 30/77 MP: 2/9
  7865 | D:7      | Reached * piety under Hepliaklqana
  8525 | D:8      | Found an opulent altar of Gozag.
  8526 | D:8      | Found a blossoming altar of Fedhas.
  8545 | D:8      | Noticed a death yak
  8547 | D:8      | Found a staircase to the Lair.
  8547 | D:8      | Noticed a death yak
  8548 | D:8      | Noticed a death yak
  8641 | D:8      | Killed a death yak
  8692 | D:8      | Slain by a death yak

Illustrated notes

Levels and vault maps discovered:
D:1:      shiori_shiawase, layout_basic, serial_curves, eino_curves_02,
          eino_curves_03, chequers_serial_rivers_small_b,
          hangedman_feature_mirror, minmay_misc_feat_nine_boxes
D:2:      layout_basic, nemelex_diamond_rough_becter
D:3:      layout_loops_ring, corner_web_ring, uniq_terence, uniq_natasha,
          uniq_jessica
D:4:      layout_gridville, chequers_temple_overflow_statue_of_worship,
          uniq_grinder
D:5:      cheibrodos_thug_alley, layout_basic, zin_statuary,
          gammafunk_temple_overflow_elements, gammafunk_ghost_smash,
          chequers_avenue, uniq_prince_ribbit1
D:6:      hangedman_cross_stitches, layout_rooms, lemuel_doored_altar,
          minmay_temple_entry_large_hall, uniq_pikel
D:7:      layout_basic, serial_shops, nicolae_shop_behind_doors,
          enter_ossuary_5, uniq_harold
D:8:      layout_rooms, fedhas_altar_3, grunt_temple_overflow_open,
          dpeg_lair_monsters, ebering_ghost_disaster_area, chequers_garden,
          nicolae_gozag_cash_rules_everything_around_me
Temple:   kb_corrupted_temple

Skill      XL: |  1  2  3  4  5  6  7  8  9 10 |
---------------+-------------------------------+-----
Long Blades    | 4 5 7 8 10 11 | 11.7
Dodging        | 4 5 6 7 |  7.2
Armour         | 1 3 4 5 6 8 9 |  9.1
Fighting       | 3 4 6 7 |  7.7
Stealth        | 1 |  1.6
Shields        | 1 2 3 |  3.2
Throwing       | |  2.1

Action                   |  1- 3 |  4- 6 |  7- 9 | 10-12 || total
-------------------------+-------+-------+-------+-------++-------
Melee: Long sword        |    54 |   147 |   348 |    95 ||   644
       Headbutt          |    12 |    27 |    73 |    33 ||   145
Throw: Dart              |       |     1 |       |       ||     1
  Use: Scroll            |       |     9 |       |     8 ||    17
       Potion            |       |     2 |     1 |     4 ||     7
Armor: Leather armour    |     5 |       |       |       ||     5
       Ring mail         |    13 |       |       |       ||    13
       Scale mail        |       |    64 |   156 |    16 ||   236
       Chain mail        |       |       |       |    23 ||    23
Dodge: Dodged            |    44 |   111 |   224 |    36 ||   415
Block: Buckler           |       |       |    64 |    21 ||    85
       Rpst.: Long sword |    18 |    28 |    58 |    13 ||   117
